 Dungeon Crawl Stone Soup version 0.25-a0-289-g406d6369f5 (webtiles) character file.

Game seed: 12663151914489848386, levelgen mode: deterministic

5891 RussianWR the Grappler (level 10, -1/144 HPs)
             Began as a Troll Monk on Dec 13, 2019.
             Was a High Priest of Cheibriados.
             Slain by a spiny frog (9 damage)
             ... on level 1 of the Lair of Beasts.
             The game lasted 00:11:48 (5114 turns).

RussianWR the Grappler (Troll Monk)                 Turns: 5114, Time: 00:11:48

Health: -1/144     AC: 30    Str: 35    XL:     10   Next: 53%
Magic:  9/9        EV:  1    Int: 17    God:    Cheibriados [*****.]
Gold:   448        SH:  0    Dex: 23    Spells: 9/9 levels left

rFire    . . .     SeeInvis .     - Unarmed
rCold    + . .     Gourm    +   (no shield)
rNeg     + + +     Faith    .   (armour currently unavailable)
rPois    +         Spirit   .   (helmet currently unavailable)
rElec    .         Reflect  .   (cloak currently unavailable)
rCorr    .         Harm     .   (gloves unavailable)
MR       .....     NoTele   +   (boots unavailable)
Stlth    +++.......             (no amulet)
HPRegen  0.74/turn              j - +5 ring of protection
MPRegen  0.11/turn              v - ring of protection from cold

@: lethally poisoned (-1 -> -2), tree-form, very slow
A: large, unfitting armour, fast metabolism 3, gourmand, regeneration 1
a: Bend Time, Temporal Distortion, Slouch, Step From Time, Renounce Religion


You were on level 1 of the Lair of Beasts.
You worshipped Cheibriados.
Cheibriados was extremely pleased with you.
You were completely stuffed.
You were a tree.
You visited 3 branches of the dungeon, and saw 11 of its levels.

You collected 448 gold pieces.

Inventory:

Armour
 a - a +0 robe (melded)
Jewellery
 j - a +5 ring of protection (left branch)
 r - a +2 ring of intelligence
 v - a ring of protection from cold (right branch)
 A - an uncursed ring of fire {unknown}
 D - an uncursed ring of protection from fire {unknown}
 H - an uncursed ring of positive energy {unknown}
Wands
 w - a wand of polymorph (8)
 y - a wand of random effects (29)
 F - a wand of digging (2)
Scrolls
 e - 8 scrolls of identify {unknown}
 f - 7 scrolls of remove curse {unknown}
 k - 2 scrolls of blinking {unknown}
 l - a scroll of random uselessness {unknown}
 n - 2 scrolls of enchant weapon {unknown}
 o - 3 scrolls of magic mapping {unknown}
 p - a scroll of fog {unknown}
 t - 3 scrolls of fear {unknown}
 x - a scroll of amnesia {unknown}
 B - a scroll of teleportation {unknown}
 E - a scroll of enchant armour {unknown}
Potions
 c - a potion of cancellation {unknown}
 g - 5 potions of haste {unknown}
 h - 3 potions of heal wounds
 i - a potion of berserk rage {unknown}
 m - 5 potions of curing {unknown}
 q - 4 potions of might {unknown}
 s - 3 potions of flight
 u - a potion of brilliance {unknown}
 z - a potion of invisibility {unknown}
 C - a potion of degeneration {unknown}
 G - 2 potions of ambrosia
Comestibles
 b - 16 rations
 I - 5 chunks of flesh


   Skills:
 * Level 5.5 Fighting
 + Level 5.6 Dodging
 + Level 2.5 Stealth
 * Level 12.8 Unarmed Combat


You had 9 spell levels left.
You didn't know any spells.
Your spell library contained the following spells:

 Spells                   Type           Power        Failure   Level  Hunger
 Summon Small Mammal      Summ           #...         24%         1    ##.....
 Call Imp                 Summ           #.......     34%         2    ###....
 Call Canine Familiar     Summ           #.......     56%         3    ####...
 Summon Guardian Golem    Hex/Summ       #.......     56%         3    ####...
 Summon Ice Beast         Ice/Summ       #.......     93%         4    #####..
 Summon Lightning Spire   Summ/Air       #.......     93%         4    #####..


Dungeon Overview and Level Annotations

Branches:
Dungeon (9/15)             Temple (1/1) D:6            Lair (1/6) D:9
    Orc: D:9-12

Altars:
Ashenzari
Cheibriados
Dithmenos
Elyvilon
Fedhas
Gozag
Kikubaaqudgha
Makhleb
Nemelex Xobeh
Okawaru
Qazlal
Sif Muna
Trog
Uskayaw
Vehumet
Wu Jian
Xom
Yredelemnul
Zin
The Shining One

Shops:
D:4 !(%

Annotations:
D:4 3 runed translucent doors, astraldaughter's ghost, weakling MfSk


Innate Abilities, Weirdness & Mutations

You are too large for most types of armour.
((You have claws for hands.))
Your metabolism is lightning-fast.
You like to eat raw meat.
Your natural rate of healing is unusually fast.
((You are covered in fur. (AC +1)))
((You have extremely tough skin. (AC +3)))


Message History

You kill the yak!
Cheibriados thoroughly appreciates the change of pace.
You can now step out of the flow of time.
Cheibriados raises the support of your attributes as your movement slows.
The yak gores you but does no damage. The yak gores you. The yak gores you!
The yak completely misses you. The yak barely misses you.
The yak closely misses you. The yak gores you. The spiny frog stings you!!
The yak closely misses you.
You claw the yak! x2
The yak is severely wounded.
The spiny frog stings you!
* * * LOW HITPOINT WARNING * * *
You are poisoned.
The spiny frog poisons you! The yak gores you but does no damage.
The yak closely misses you. The yak gores you but does no damage.
The yak gores you!
* * * LOW HITPOINT WARNING * * *
You turn into a tree.
Your +0 robe melds into your body.
Your roots penetrate the ground.
You feel sick. The spiny frog stings you!
You die...

#########
..#.^...# .....
........### ...##
#.........# ....#
####.#....##
#...# ####....##
#...# . ##P...#
#$..###...
#....###.YF....(.
##......†♣Y......
.
#.......YY###...
.# #...#.....# .#
#...###...# #.
#...## #.### ..
##... .## .. #...
# P ....#


You could see 4 yaks and a spiny frog.

Vanquished Creatures
  A hornet (D:8)
  2 trolls (D:9)
  A hippogriff (D:9)
  The ghost of nht the Skirmisher, an amateur OgBe of Trog (D:3)
  6 yaks
  A spriggan (D:7)
  A basilisk (D:9)
  2 ice beasts
  3 sky beasts
  4 orc warriors
  4 ogres
  A necrophage (D:9)
  A phantom (D:7)
  4 centaurs (D:8)
  A crocodile (D:9)
  2 bullfrogs
  A water moccasin zombie (D:6)
  5 killer bees (D:8)
  2 scorpions
  4 wights (D:8)
  7 crimson imps
  A howler monkey (D:8)
  A bullfrog zombie (D:5)
  A jelly (D:8)
  A quasit (D:6)
  3 orc priests (D:5)
  3 hounds
  8 orc wizards
  2 bullfrog skeletons
  4 iguanas
  6 worker ants
  A hound zombie (D:8)
  A worker ant zombie (D:6)
  3 gnolls (D:6)
  A howler monkey skeleton (D:4)
  6 adders
  A shadow imp (D:6)
  An ooze (D:3)
  3 adder zombies (D:5)
  An adder skeleton (D:5)
  A worm (D:4)
  3 dart slugs
  5 leopard geckos
  19 orcs
  10 bats
  6 giant cockroaches
  9 hobgoblins
  10 jackals
  4 quokkas
  2 ball pythons
  13 frilled lizards
  8 goblins
  A goblin skeleton (D:6)
  2 goblin zombies (D:6)
  2 hobgoblin zombies (D:6)
  11 kobolds
  2 kobold zombies (D:6)
  An orc skeleton (D:6)
  4 orc zombies (D:6)
  2 quokka skeletons
  8 rats
225 creatures vanquished.

Vanquished Creatures (others)
  A fungus (D:9)
1 creature vanquished.

Grand Total: 226 creatures vanquished

Notes
Turn   | Place    | Note
-------+----------+-------------------------------------------
     0 | D:1      | RussianWR the Troll Monk began the quest for the Orb.
     0 | D:1      | Reached XP level 1. HP: 22/22 MP: 0/0
   165 | D:1      | Reached XP level 2. HP: 28/29 MP: 1/1
   178 | D:1      | Found a sparkling altar of Nemelex Xobeh.
   536 | D:1      | Reached XP level 3. HP: 35/36 MP: 2/2
   800 | D:2      | Reached skill level 4 in Unarmed Combat
   884 | D:2      | Reached XP level 4. HP: 43/44 MP: 3/3
  1527 | D:3      | Found a runed translucent door.
  1532 | D:3      | Noticed nht's ghost (amateur OgBe)
  1609 | D:3      | Killed nht's ghost
  1609 | D:3      | Reached skill level 5 in Unarmed Combat
  1609 | D:3      | Reached XP level 5. HP: 33/53 MP: 4/4
  1609 | D:3      | Reached XP level 6. HP: 38/61 MP: 5/5
  1619 | D:3      | Noticed a sky beast
  1632 | D:3      | Killed a sky beast
  1632 | D:3      | Reached skill level 6 in Unarmed Combat
  1934 | D:3      | Found a shattered altar of Ashenzari.
  2086 | D:4      | Found Nuesm's Food Emporium.
  2135 | D:4      | Found Meredem's Distillery.
  2178 | D:4      | Found Yhobieno's Weapon Emporium.
  2216 | D:4      | Found a runed translucent gate.
  2217 | D:4      | Found a runed translucent gate.
  2217 | D:4      | Found a runed translucent gate.
  2218 | D:4      | Found an opulent altar of Gozag.
  2219 | D:4      | Noticed astraldaughter's ghost (weakling MfSk)
  2220 | D:4      | Noticed a sky beast
  2295 | D:4      | Reached XP level 7. HP: 67/67 MP: 6/6
  2302 | D:4      | Found a radiant altar of Vehumet.
  2333 | D:5      | Entered Level 5 of the Dungeon
  2424 | D:5      | Found an ancient bone altar of Kikubaaqudgha.
  2425 | D:5      | Found a blossoming altar of Fedhas.
  2460 | D:5      | Reached skill level 7 in Unarmed Combat
  2482 | D:5      | Found a shimmering altar of Xom.
  2708 | D:5      | Found a glowing silver altar of Zin.
  2708 | D:5      | Found a white marble altar of Elyvilon.
  2709 | D:5      | Found a glowing golden altar of the Shining One.
  2850 | D:5      | Reached skill level 8 in Unarmed Combat
  2862 | D:5      | Reached XP level 8. HP: 74/78 MP: 7/7
  2983 | D:6      | Found a glowing golden altar of the Shining One.
  3077 | D:6      | Found a bloodstained altar of Trog.
  3260 | D:6      | Found a staircase to the Ecumenical Temple.
  3268 | Temple   | Entered the Ecumenical Temple
  3346 | Temple   | Became a worshipper of Cheibriados the Contemplative
  3346 | Temple   | Reached * piety under Cheibriados
  3346 | Temple   | Reached ** piety under Cheibriados
  3404 | D:6      | Reached skill level 9 in Unarmed Combat
  4048 | D:7      | Reached skill level 10 in Unarmed Combat
  4048 | D:7      | Reached XP level 9. HP: 48/85 MP: 8/8
  4073 | D:8      | Reached *** piety under Cheibriados
  4220 | D:8      | Found a basalt altar of Yredelemnul.
  4238 | D:8      | Paralysed by a hornet for 2 turns
  4242 | D:8      | Reached skill level 11 in Unarmed Combat
  4589 | D:8      | Reached **** piety under Cheibriados
  4596 | D:8      | Reached skill level 5 in Fighting
  4601 | D:8      | Reached skill level 5 in Dodging
  4915 | D:9      | Noticed a troll
  4934 | D:9      | Reached XP level 10. HP: 58/96 MP: 9/9
  4935 | D:9      | Reached skill level 12 in Unarmed Combat
  5065 | D:9      | Found a staircase to the Lair.
  5077 | Lair:1   | Entered Level 1 of the Lair of Beasts
  5106 | Lair:1   | Noticed a spiny frog
  5111 | Lair:1   | Reached ***** piety under Cheibriados
  5114 | Lair:1   | Slain by a spiny frog

Levels and vault maps discovered:
D:1:      psy_arrival_dodecagon, layout_basic, grunt_decor_arrowhead,
          nemelex_xobeh_ov_fountains_minmay
D:2:      minmay_spotlight, layout_basic, corner_web_ring, minmay_tetromino_s4
D:3:      layout_loops_cross, nicolae_overflow_hidden_temple,
          gammafunk_ghost_grave, minmay_box_of_dots
D:4:      layout_basic, marbit_many_paths, ebering_ghost_gozag, serial_shops,
          nicolae_shop_stone, shop, shop, shop, first_ration,
          minmay_fountain_box, hangedman_minor_gate_pass
D:5:      wander_river, layout_gridville, good_gods_mini_temple,
          chequers_temple_overflow_statue_of_worship
D:6:      layout_rooms, kennysheep_mini_moat, temple_green,
          hangedman_decor_riveting, nicolae_tso_besieged_by_evil
D:7:      layout_basic, interstate_on_off, the_bakery
D:8:      layout_loops_ring, lemuel_crystal_altar
D:9:      layout_rooms, nicolae_ru_sacrificial_ziggurat, lemuel_round_altar,
          david_lair_generic, vehumet_altar_wand_db
Temple:   cyrus_temple_forest
Lair:1:   layout_concentric_octagons, uniq_sonja

Skill      XL: |  1  2  3  4  5  6  7  8  9 10 |
---------------+-------------------------------+-----
Unarmed Combat | 4 5 6 8 10 11 12 | 12.8
Dodging        | 3 4 5 |  5.6
Fighting       | 3 4 5 |  5.5
Stealth        | 2 |  2.5

Action                   |  1- 3 |  4- 6 |  7- 9 | 10-12 || total
-------------------------+-------+-------+-------+-------++-------
Melee: Unarmed           |    86 |   170 |   334 |    65 ||   655
       Punch             |     2 |     3 |    10 |     4 ||    19
  Use: Potion            |       |       |     4 |     2 ||     6
 Stab: Sleeping          |     3 |     2 |     6 |       ||    11
  Eat: Chunk             |     2 |    11 |    15 |     9 ||    37
       Ration            |     1 |       |     2 |       ||     3
Armor: Robe              |    58 |    67 |   174 |    11 ||   310
       Skin              |       |       |    12 |    13 ||    25
Dodge: Dodged            |    70 |   100 |   254 |    28 ||   452

Table legend:
 A = Non-vault XP
 B = Vault XP
 C = Vault XP percentage of total XP
 D = Non-vault monster count
 E = Vault monster count
 F = Vault count percentage of total count
                 A         B        C        D         E       F
            +---------+---------+-------+---------+---------+-------
      Total |    7080 |    1336 |  15.9 |     197 |      28 |  12.4
            +---------+---------+-------+---------+---------+-------
        D:1 |      43 |       0 |   0.0 |      24 |       0 |   0.0
        D:2 |     105 |       7 |   6.2 |      30 |       5 |  14.3
        D:3 |     190 |     234 |  55.2 |      25 |       4 |  13.8
        D:4 |     145 |      36 |  19.9 |       7 |       1 |  12.5
        D:5 |     669 |       0 |   0.0 |      22 |       0 |   0.0
        D:6 |     634 |      57 |   8.2 |      20 |      13 |  39.4
        D:7 |     563 |     211 |  27.3 |      15 |       1 |   6.2
        D:8 |    2507 |       0 |   0.0 |      37 |       0 |   0.0
        D:9 |    1809 |     791 |  30.4 |      15 |       4 |  21.1
     Lair:1 |     415 |       0 |   0.0 |       2 |       0 |   0.0
            +---------+---------+-------+---------+---------+-------
